 Dungeon Crawl Stone Soup version 0.29-a0-322-g68df515 (webtiles) character file.

Game seed: 5370699973898987050

155 Think the Cutter (level 5, -2/36 HPs)
             Began as an Octopode Fighter on Apr 5, 2022.
             Was a Priest of Zin.
             Slain by Sigmund
             ... wielding a +0 scythe
              (12 damage)
             ... on level 4 of the Dungeon.
             The game lasted 00:06:49 (2591 turns).

Think the Cutter (Octopode Fighter)                 Turns: 2591, Time: 00:06:49

Health: -2/36      AC:  1    Str: 16    XL:     5   Next: 37%
Magic:  3/5        EV: 13    Int: 12    God:    Zin [***...]
Gold:   160        SH:  5    Dex: 14    Spells: 4/4 levels left

rFire   . . .      SeeInvis .   l - +2 dagger (protect)
rCold   . . .      Faith    .   b - +0 buckler
rNeg    . . .      Spirit   .   (helmet restricted)
rPois   ∞          Reflect  .   (no amulet)
rElec   .          Harm     .   o - ring of resist corrosion
rCorr   +          Rampage  .   (no ring)
Will    .....                   (no ring)
Stlth   ++........              (no ring)
HPRegen 0.12/turn               (no ring)
MPRegen 0.09/turn               (no ring)
                                (no ring)
                                (no ring)

@: mighty, vitalised
A: almost no armour, amphibious, 8 rings, camouflage 1, gelatinous body 1,
(nimble swimmer 1), tentacles
a: Renounce Religion, Recite, Vitalisation, Imprison, Donate Gold


You were on level 4 of the Dungeon.
You worshipped Zin.
Zin was most pleased with you.
You visited 1 branch of the dungeon, and saw 4 of its levels.

You collected 177 gold pieces.
You donated 17 gold pieces to Zin.

Inventory:

Hand Weapons
 a - a +0 rapier
 l - a +2 dagger of protection (weapon)
Armour
 b - a +0 buckler (worn)
Jewellery
 o - a ring of resist corrosion (left tentacle)
 t - a ring of ice
Scrolls
 d - a scroll of identify {unknown}
 e - a scroll of immolation {unknown}
 g - a scroll of vulnerability {unknown}
 h - a scroll of enchant armour {unknown}
 q - a scroll of teleportation {unknown}
 r - 2 scrolls of fog {unknown}
 s - a scroll of noise {unknown}
Potions
 f - a potion of attraction {unknown}
 i - 2 potions of cancellation
 j - a potion of haste {unknown}
 k - a potion of curing
 m - 2 potions of magic {unknown}
 n - 2 potions of heal wounds {unknown}
 p - 2 potions of mutation {unknown}


   Skills:
 - Level 3.0 Fighting
 + Level 5.4 Short Blades
 - Level 3.0 Dodging
 - Level 3.0 Shields


You had 4 spell levels left.
You didn't know any spells.
Your spell library contained the following spells:

 Spells                   Type           Power      Damage    Failure   Level
 Animate Skeleton         Necr           0%         N/A       41%         1
 Apportation              Tloc           0%         N/A       41%         1
 Magic Dart               Conj           0%         1d3       41%         1
 Summon Small Mammal      Summ           0%         N/A       41%         1
 Corpse Rot               Necr/Air       0%         N/A       54%         2
 Poisonous Vapours        Pois/Air       0%         N/A       54%         2
 Searing Ray              Conj           0%         2d4       54%         2
 Fulminant Prism          Conj/Hex       0%         3d6       99%         4


Dungeon Overview and Level Annotations

Branches:
Dungeon (4/15)
 Temple: D:4-7

Altars:
Nemelex Xobeh
Zin

Annotations:
D:4 Sigmund


Innate Abilities, Weirdness & Mutations

You cannot wear most types of armour.
You are amphibious.
You can wear up to eight rings at the same time.
Your skin changes colour to match your surroundings (Stealth+).
Your rubbery body absorbs attacks. (AC +1, EV +1)
((You are camouflaged when in or above water. (Stealth+)))
You have tentacles for arms and can constrict up to eight enemies at once.


Message History

No target in view!
No target in view!
No target in view!
No target in view!
No target in view!
No target in view!
No target in view!
No target in view!
No target in view!
You block something's attack.
There is an open door here.
Something hits you.
There is an open door here.
You swing at nothing.
Something hits you!
You swing at nothing.
Something hits you.
There is an open door here.
You feel very mighty all of a sudden.
You puncture something!
Your weapon exudes an aura of protection.
Something hits you!
You puncture something! Something hits you but does no damage.
You miss something. You squeeze something. You barely miss something.
You hear some strange, mumbled words.
You are confused.
You barely miss something. Your squeeze misses something.
Something completely misses you.
You bump into the rock wall.
Something hits you.
* * * LOW HITPOINT WARNING * * *
You bump into the rock wall.
Something hits you.
* * * LOW HITPOINT WARNING * * *
Okay, then.
You are too confused!
Unknown command.
It was a potion of curing.
You feel better.
Okay, then.
Zin grants you divine stamina. Something hits you!
You die...

########## .....#
##..#.....# #.....#
#...#.....# #.....#
+...#.....# #.....#
#...'.....#
#.....##+#######@....#
#...............)#####
#................#
'................+
#.....)..........#
#....###'##.........
#†...#....#..........
.....#....#...........
.....#....#...........


There were no monsters in sight!

Vanquished Creatures
  A howler monkey (D:4)
  An iguana (D:3)
  4 adders
  A dart slug (D:1)
  2 orcs
  7 endoplasms
  3 giant cockroaches
  4 hobgoblins
  A jackal (D:1)
  6 ball pythons
  5 bats
  4 frilled lizards (D:2)
  7 goblins
  4 kobolds
  4 rats
54 creatures vanquished.

Notes
Turn   | Place    | Note
-------+----------+-------------------------------------------
     0 | D:1      | Think the Octopode Fighter began the quest for the Orb.
     0 | D:1      | Reached XP level 1. HP: 16/16 MP: 1/1
   218 | D:1      | Found a faded altar of an unknown god.
   239 | D:1      | Prayed at the altar of an unknown god.
   239 | D:1      | Became a worshipper of Zin the Law-Giver
   239 | D:1      | Reached * piety under Zin
   257 | D:1      | Reached XP level 2. HP: 20/21 MP: 2/2
   387 | D:1      | Reached skill level 3 in Short Blades
  1046 | D:2      | Reached XP level 3. HP: 26/26 MP: 3/3
  1052 | D:2      | Reached ** piety under Zin
  1420 | D:3      | Reached skill level 4 in Short Blades
  1420 | D:3      | Reached XP level 4. HP: 24/31 MP: 4/4
  1663 | D:3      | Reached *** piety under Zin
  1750 | D:3      | Found a sparkling altar of Nemelex Xobeh.
  2414 | D:4      | Reached skill level 5 in Short Blades
  2414 | D:4      | Reached XP level 5. HP: 32/36 MP: 5/5
  2571 | D:4      | Noticed Sigmund
  2591 | D:4      | Slain by Sigmund

Illustrated notes

Levels and vault maps discovered:
D:1:      heliophobic_arrival_henge, layout_loops_ring, basic_ecumenical_altar,
          minmay_hexomino_c4
D:2:      layout_basic
D:3:      layout_loops_ring, nemelex_xobeh_ov_fountains_minmay
D:4:      layout_gridville, minmay_temple_entry_stoned_glass, uniq_sigmund,
          uniq_grinder

Skill      XL: |  1  2  3  4 |
---------------+-------------+-----
Short Blades   | 3 4 5 |  5.4
Fighting       | |  3.0
Dodging        | |  3.0
Shields        | |  3.0

Action                   |  1- 3 |  4- 6 || total
-------------------------+-------+-------++-------
Melee: Rapier            |    34 |       ||    34
       Constrict         |    17 |    12 ||    29
       Tentacles         |    11 |    13 ||    24
       Dagger            |    28 |    48 ||    76
Invok: Recite            |       |     1 ||     1
       Vitalisation      |       |     1 ||     1
  Use: Potion            |     1 |     2 ||     3
 Stab: Sleeping          |     7 |     4 ||    11
Armor: Skin              |     4 |     8 ||    12
Dodge: Dodged            |    32 |    17 ||    49
Block: Buckler           |    17 |     9 ||    26

Table legend: (Time is in decaauts)
 A = Elapsed time spent in this place.
 B = Non-inter-level travel time spent in this place.
 C = Inter-level travel time spent in this place.
 D = Time resting spent in this place.
 E = Time spent auto-exploring this place.
 F = Levels seen in this place.
 G = Mean time per level.
                   A        B        C        D        E       F      G
               +--------+--------+--------+--------+--------+-----+--------+
         Total |   2578 |   2461 |    117 |    151 |   1927 |   4 |  644.5 |
       Dungeon |   2578 |   2461 |    117 |    151 |   1927 |   4 |  644.5 |
               +--------+--------+--------+--------+--------+-----+--------+

Top non-repeatable levels by time:
     D:3: 993 daAuts
     D:1: 973 daAuts
     D:2: 432 daAuts
     D:4: 180 daAuts
